 Dungeon Crawl Stone Soup version 0.19.0-2-gae57169 (webtiles) character file.

5491 HungrySpirit the Cleaver (level 10, -5/95 HPs)
             Began as a Minotaur Berserker on Nov 6, 2016.
             Was a High Priest of Trog.
             Slain by a troll (9 damage)
             ... on level 9 of the Dungeon.
             The game lasted 00:10:27 (7260 turns).

HungrySpirit the Cleaver (Minotaur Berserker)       Turns: 7260, Time: 00:10:28

Health: -5/95      AC: 13    Str: 24    XL:     10   Next: 42%
Magic:  9/9        EV:  9    Int:  5    God:    Trog [*****.]
Gold:   591        SH:  0    Dex: 10    Spells: 0 memorised, 9 levels left

rFire  . . .     SeeInvis .     u - +0 war axe
rCold  . . .     Gourm    .     y - +0 plate armour (curse)
rNeg   . . .     Faith    .     (no shield)
rPois  .         Spirit   .     I - +0 hat
rElec  .         Reflect  .     D - +0 cloak
rCorr  .         Harm     .     C - +0 pair of gloves
MR     +....                    (no boots)
Stlth  ..........               (no amulet)
                                P - +2 ring of evasion
                                s - ring of protection from magic

@: exhausted, slowed, very slow
A: retaliatory headbutt, horns 2
a: Berserk, Trog's Hand, Brothers in Arms, Burn Spellbooks, Renounce Religion


You were on level 9 of the Dungeon.
You worshipped Trog.
Trog was extremely pleased with you.
You were near starving.

You visited 1 branch of the dungeon, and saw 9 of its levels.
You also visited: Ossuary.

You collected 591 gold pieces.

Inventory:

Hand Weapons
 u - a +0 war axe (weapon)
 K - a +0 battleaxe
Armour
 h - a +0 buckler
 y - a cursed +0 plate armour (worn)
 C - a +0 pair of gloves (worn)
 D - a +0 cloak (worn)
 I - a +0 hat (worn)
Jewellery
 s - a ring of protection from magic (left hand)
 G - an uncursed ring of ice
 L - an uncursed ring of see invisible
 P - a +2 ring of evasion (right hand)
 R - an uncursed ring of positive energy {unknown}
Wands
 M - a wand of flame (30/48)
 O - a wand of lightning (11/15)
Scrolls
 a - a scroll of amnesia {unknown}
 b - 3 scrolls of remove curse {unknown}
 e - 4 scrolls of enchant weapon {unknown}
 m - 3 scrolls of recharging {unknown}
 n - a scroll of fog {unknown}
 p - 3 scrolls of enchant armour {unknown}
 r - 2 scrolls of blinking {unknown}
 t - 2 scrolls of fear {unknown}
 w - 5 scrolls of teleportation {unknown}
 x - 7 scrolls of identify {unknown}
 A - a scroll of brand weapon {unknown}
 E - 2 scrolls of vulnerability {unknown}
 F - 2 scrolls of immolation {unknown}
 J - a scroll of acquirement {unknown}
 N - a scroll of magic mapping
Potions
 d - 6 potions of curing
 g - 5 potions of brilliance {unknown}
 i - 3 potions of mutation {unknown}
 j - 3 potions of agility {unknown}
 k - a potion of heal wounds {unknown}
 l - 6 potions of degeneration {unknown}
 o - 4 potions of resistance {unknown}
 q - a potion of lignification {unknown}
 v - a potion of magic {unknown}
 z - 2 potions of haste {unknown}
 B - a potion of cure mutation {unknown}
 H - a potion of beneficial mutation {unknown}
Comestibles
 c - 5 bread rations
 f - 6 meat rations


   Skills:
 + Level 11.1 Fighting
 * Level 14.9 Axes
 - Level 2.4 Armour
 - Level 2.1 Dodging


You had 9 spell levels left.
You didn't know any spells.

Dungeon Overview and Level Annotations

Branches:
Dungeon (9/15)             Temple (0/1) D:6             Orc (0/2) D:9
   Lair: D:8-11

Altars:
Ashenzari
Cheibriados
Dithmenos
Makhleb
Okawaru
Vehumet
Yredelemnul
Zin
Jiyva

Annotations:
D:2 1 runed door


Innate Abilities, Weirdness & Mutations

You reflexively headbutt those who attack you in melee.
You have a pair of horns on your head.


Message History

The troll bites you but does no damage. The troll claws you! x2
* * * LOW HITPOINT WARNING * * *
You swap places.
Your ogre hits the troll with a giant club!!
The troll bites your ogre! The troll claws your ogre! x2
Your ogre dies!
Your ogre's corpse disappears in a puff of smoke!
The troll bites you.
* * * LOW HITPOINT WARNING * * *
The troll barely misses you. The troll claws you.
* * * LOW HITPOINT WARNING * * *
Your ogre goes berserk!
You are near starving!
The troll bites you!
* * * LOW HITPOINT WARNING * * *
The troll claws you but does no damage. The troll barely misses you.
The troll bites you.
* * * LOW HITPOINT WARNING * * *
The troll claws you but does no damage. The troll claws you!
You die...

#.#..##.###.#######.#
..#..##.# #.# #.# .....##.#
#.# #(# #######.##.# #.#
#.# #8...8#.##.# #.# #)#
####...gg#.##.# #.# #.#
#..#.$g.ooO#..# #.# #.#
#.##....)#T##.# #.# #.#
#.##8.gg8#@##.###.# #.#
#.########O#....#.## #.#
#.##.#.###.........# #.#
#.##........#.#.#..######.#
#.####......(..............
#.# #..##.(#....†........#
#.# #..##..######.######.#
#.# #..##..# #.# #.# #.#
#..##..######.######.#


You could see a troll, an ogre, a gnoll sergeant, an orc and a friendly ogre
(berserk).

Vanquished Creatures
  Pikel (D:5)
  A troll (D:9)
  2 hippogriffs (D:9)
  2 hungry ghosts
  A water moccasin (D:8)
  4 slaves (D:5)
  A phantom (D:9)
  2 black bears (D:6)
  2 orc warriors
  6 ogres
  A centaur (D:9)
  4 big kobolds (D:9)
  3 bullfrogs (D:6)
  Blork the orc (D:6)
  14 scorpions
  An electric eel (D:7)
  8 wights
  2 crimson imps
  4 centaur zombies
  6 jellies
  A human zombie (Ossuary)
  A gnoll shaman (D:5)
  7 orc priests
  4 hounds
  5 orc wizards
  3 bullfrog skeletons
  An iguana (D:5)
  3 worker ants
  A killer bee zombie (D:7)
  2 mummies (Ossuary)
  2 worker ant zombies
  Robin (D:2)
  7 gnolls
  A howler monkey skeleton (D:5)
  10 adders
  2 scorpion zombies (Ossuary)
  A shadow imp (D:8)
  An ooze (D:3)
  An adder skeleton (D:4)
  2 worms (D:2)
  A dart slug (D:1)
  5 leopard geckos
  47 orcs
  2 ball pythons
  8 bats
  8 giant cockroaches
  2 gnoll zombies (Ossuary)
  8 goblins
  14 hobgoblins
  7 jackals
  5 kobolds
  6 quokkas
  3 frilled lizards
  A goblin zombie (Ossuary)
  3 hobgoblin zombies (Ossuary)
  2 kobold zombies
  An orc zombie (Ossuary)
  2 quokka skeletons
  A quokka zombie (D:8)
  5 rats
253 creatures vanquished.

Vanquished Creatures (collateral kills)
  An orc warrior (D:8)
  3 orcs (D:8)
4 creatures vanquished.

Vanquished Creatures (others)
  A mummy (Ossuary)
  A scorpion zombie (Ossuary)
  4 toadstools (D:1)
6 creatures vanquished.

Grand Total: 263 creatures vanquished

Notes
Turn   | Place    | Note
-------+----------+-------------------------------------------
     0 | D:1      | HungrySpirit the Minotaur Berserker began the quest for the Orb.
     0 | D:1      | Reached XP level 1. HP: 19/19 MP: 0/0
    28 | D:1      | Reached skill level 4 in Axes
   155 | D:1      | Reached XP level 2. HP: 27/27 MP: 1/1
   547 | D:2      | Reached XP level 3. HP: 31/33 MP: 2/2
   719 | D:2      | Found a faded altar of an unknown god.
   729 | D:2      | Reached skill level 5 in Axes
   940 | D:2      | Noticed Robin
   943 | D:2      | Reached ** piety under Trog
   959 | D:2      | Killed Robin
   959 | D:2      | Reached XP level 4. HP: 41/41 MP: 3/3
  1034 | D:2      | Found a runed door.
  1036 | D:2      | Noticed a human
  1038 | D:2      | Found a basalt altar of Yredelemnul.
  1432 | D:2      | Found a shadowy altar of Dithmenos.
  1488 | D:3      | Found a glowing silver altar of Zin.
  1515 | D:3      | Found a shattered altar of Ashenzari.
  1515 | D:3      | Found an iron altar of Okawaru.
  1527 | D:3      | Found a snail-covered altar of Cheibriados.
  1657 | D:3      | Reached skill level 6 in Axes
  1679 | D:3      | Reached XP level 5. HP: 44/47 MP: 4/4
  1791 | D:3      | Reached *** piety under Trog
  2076 | D:3      | Reached skill level 5 in Fighting
  2352 | D:4      | Reached skill level 7 in Axes
  2352 | D:4      | Reached XP level 6. HP: 56/56 MP: 5/5
  3114 | D:5      | Entered Level 5 of the Dungeon
  3203 | D:5      | Found a sand-covered staircase.
  3214 | Ossuary  | Entered an ossuary
  3225 | Ossuary  | Reached skill level 8 in Axes
  3264 | Ossuary  | Reached XP level 7. HP: 47/63 MP: 6/6
  3489 | Ossuary  | Reached **** piety under Trog
  3509 | Ossuary  | Reached skill level 9 in Axes
  3770 | Ossuary  | Reached XP level 8. HP: 73/73 MP: 7/7
  3953 | D:5      | Reached skill level 10 in Axes
  3973 | D:5      | Noticed Pikel
  3984 | D:5      | Killed Pikel
  3984 | D:5      | Reached skill level 11 in Axes
  4552 | D:6      | Reached XP level 9. HP: 82/82 MP: 8/8
  4649 | D:6      | Noticed Blork the orc
  4657 | D:6      | Killed Blork the orc
  4657 | D:6      | Reached skill level 12 in Axes
  4879 | D:6      | Found a staircase to the Ecumenical Temple.
  5061 | D:6      | Reached ***** piety under Trog
  5274 | D:7      | Found a radiant altar of Vehumet.
  5550 | D:7      | Found a burning altar of Makhleb.
  5834 | D:7      | Reached skill level 13 in Axes
  6140 | D:8      | Reached skill level 10 in Fighting
  6465 | D:8      | Reached XP level 10. HP: 81/94 MP: 9/9
  6574 | D:8      | Reached skill level 14 in Axes
  6886 | D:9      | Found a viscous altar of Jiyva.
  7231 | D:9      | Found a staircase to the Orcish Mines.
  7260 | D:9      | HP: 4/95 [troll (6)]
  7260 | D:9      | Slain by a troll

Skill      XL: |  1  2  3  4  5  6  7  8  9 10 |
---------------+-------------------------------+-----
Axes           | 4 5 6 7 8 9 11 13 14 | 14.9
Fighting       | 4 5 6 7 8 10 11 | 11.1
Armour         | |  2.4
Dodging        | |  2.1

Action                   |  1- 3 |  4- 6 |  7- 9 | 10-12 || total
-------------------------+-------+-------+-------+-------++-------
Melee: Hand axe          |    67 |    79 |       |       ||   146
       Headbutt          |     6 |    27 |    54 |    15 ||   102
       War axe           |       |    60 |   282 |    96 ||   438
Invok: Berserk           |     1 |     3 |     7 |     2 ||    13
       Brothers in Arms  |       |       |     1 |     2 ||     3
       Trog's Hand       |       |       |     1 |       ||     1
  Use: Scroll            |       |     2 |       |       ||     2
       Potion            |       |       |     1 |       ||     1
  Eat: Chunk             |       |    11 |    10 |     4 ||    25
       Fruit             |       |       |     5 |       ||     5
       Meat ration       |       |       |     1 |       ||     1
Armor: Chain mail        |    27 |    59 |       |       ||    86
       Plate armour      |       |     7 |   158 |    53 ||   218
Dodge: Dodged            |    28 |    63 |    99 |    47 ||   237
